General information
			
			
        
        - name: BNet
 
        - type: Ladder 1vs1/FFA
 
        - host: Battle.net
 
        - saver: notalentscrub
 
        
map: EchoIsles 
        - players: 2
 
        - length: 19:52
 
        - speed: Fast
 - version: 1.22 W3XP
 - replay type:  Public
 
» download(65 KB)
Players
        team 1 (loser) 
              
              
zerodel (
red | 66 APM | 1309 actions | 19:51)
              
 4 Paladin 
 2 Holy Light
 1 Divine Shield
 1 Devotion Aura
 3 Archmage 
 2 Summon Water Elemental
 1 Brilliance Aura
 2 Mountain King 
 1 Storm Bolt
 1 Bash
 
                » actions 
                
                | Assign group hotkey | 23 |  | 
| Basic commands | 69 |  | 
| Build / train | 73 |  | 
| ESC pressed | 1 |  | 
| Enter build submenu | 27 |  | 
| Enter hero's abilities submenu | 9 |  | 
| Right click | 401 |  | 
| Select / deselect | 378 |  | 
| Select group hotkey | 232 |  | 
| Use ability | 96 |  | 
                1309 total
 » units 
                
                | Peasant | 16 |  | 
| Footman | 3 |  | 
| Rifleman | 3 |  | 
| Mortar Team | 4 |  | 
| Knight | 3 |  | 
| Priest | 8 |  | 
                37 total
 » upgrades
                
                | Defend | 1 |  | 
| Plating | 1 |  | 
| Masonry | 1 |  | 
| Gunpowder | 1 |  | 
| Swords | 1 |  | 
| Armor | 2 |  | 
| Long Rifles | 1 |  | 
| Flare | 1 |  | 
| Animal War Training | 1 |  | 
| Lumber Harvesting | 1 |  | 
| Fragmentation Shards | 1 |  | 
| Priest Training | 2 |  | 
| Backpack | 1 |  | 
                15 total
 » buildings
                
                | Altar of Kings | 1 |  | 
| Barracks | 2 |  | 
| Farm | 8 |  | 
| Scout Tower | 5 |  | 
| Blacksmith | 1 |  | 
| Arcane Tower | 1 |  | 
| Lumber Mill | 1 |  | 
| Arcane Vault | 1 |  | 
| Keep | 1 |  | 
| Guard Tower | 3 |  | 
| Castle | 1 |  | 
| Workshop | 1 |  | 
| Arcane Sanctum | 3 |  | 
| Town Hall | 2 |  | 
                31 total
 » build order
                00:18 Altar of Kings
00:25 Barracks
00:30 Farm
00:35 Farm
01:36 Scout Tower
01:52 Scout Tower
02:16 Scout Tower
02:19 Blacksmith
03:09 Arcane Tower
03:15 Lumber Mill
03:48 Farm
04:17 Arcane Vault
04:23 Farm
04:37 Keep
04:59 Guard Tower
05:07 Guard Tower
05:27 Barracks
05:38 Scout Tower
06:16 Guard Tower
06:48 Farm
06:53 Farm
08:14 Castle
09:18 Workshop
09:22 Arcane Sanctum
09:23 Arcane Sanctum
11:22 Arcane Sanctum
11:28 Farm
11:29 Scout Tower
13:31 Town Hall
13:42 Farm
17:37 Town Hall
» items
                
                | Potion of Healing | 2 |  | 
| Potion of Mana | 1 |  | 
                3 total
  
               team 2 (winner) 
              
              
notalentscrub (
orange | 95 APM | 1887 actions | 19:52)
              
 5 Archmage 
 2 Summon Water Elemental
 2 Brilliance Aura
 1 Blizzard
 2 Paladin 
 1 Holy Light
 1 Devotion Aura
 2 Mountain King 
 1 Storm Bolt
 1 Bash
 
                » actions 
                
                | Assign group hotkey | 46 |  | 
| Basic commands | 89 |  | 
| Build / train | 97 |  | 
| Enter build submenu | 22 |  | 
| Enter hero's abilities submenu | 9 |  | 
| Give item / drop item | 2 |  | 
| Remove unit from queue | 1 |  | 
| Right click | 989 |  | 
| Select / deselect | 290 |  | 
| Select group hotkey | 191 |  | 
| Use ability | 150 |  | 
                1887 total
 » units 
                
                | Peasant | 13 |  | 
| Footman | 6 |  | 
| Rifleman | 13 |  | 
| Priest | 9 |  | 
| Spell Breaker | 2 |  | 
| Sorceress | 1 |  | 
| Mortar Team | 8 |  | 
                52 total
 » upgrades
                
                | Gunpowder | 3 |  | 
| Armor | 1 |  | 
| Priest Training | 2 |  | 
| Long Rifles | 1 |  | 
| Masonry | 2 |  | 
| Control Magic | 1 |  | 
                10 total
 » buildings
                
                | Altar of Kings | 1 |  | 
| Barracks | 1 |  | 
| Farm | 10 |  | 
| Keep | 1 |  | 
| Blacksmith | 1 |  | 
| Arcane Vault | 1 |  | 
| Lumber Mill | 1 |  | 
| Arcane Sanctum | 1 |  | 
| Town Hall | 1 |  | 
| Castle | 2 |  | 
| Scout Tower | 3 |  | 
| Workshop | 1 |  | 
| Guard Tower | 9 |  | 
                33 total
 » build order
                00:08 Altar of Kings
00:19 Barracks
00:24 Farm
00:40 Farm
01:39 Farm
02:49 Keep
03:15 Blacksmith
04:04 Arcane Vault
04:11 Farm
04:35 Lumber Mill
05:04 Farm
05:26 Farm
05:29 Farm
06:21 Arcane Sanctum
06:50 Town Hall
07:48 Farm
08:33 Castle
08:34 Castle
09:17 Scout Tower
09:17 Scout Tower
09:18 Scout Tower
11:44 Workshop
11:47 Farm
11:48 Farm
12:01 Guard Tower
14:16 Guard Tower
14:16 Guard Tower
14:18 Guard Tower
14:18 Guard Tower
14:18 Guard Tower
14:20 Guard Tower
14:20 Guard Tower
14:21 Guard Tower
» items
                
                | Ivory Tower | 5 |  | 
| Potion of Healing | 2 |  | 
                7 total
  
                Chat log
          
(03:29 / All) zerodel: creep jacking? do you really need to resort to such petty things?
(04:20 / All) notalentscrub: creep jack 4 lyfe
(04:46 / All) zerodel: i see, you're not but a child
(04:53 / All) zerodel: i forgive you for your ways though they may ruin the game
(07:52 / All) zerodel: lol, where have i seen that hero build before... :D
(14:04 / All) zerodel: wow
(14:10 / All) zerodel: you rip off my hero strats and you attack my peasants
(14:18 / All) zerodel: you sir are a disgrace to warcraft to creativty and to gaming in general
(14:24 / All) notalentscrub: :P
(19:42 / All) zerodel: HG
(19:44 / All) zerodel: horrible game
(19:46 / All) zerodel: you don't deserve to win
(19:50 / All) zerodel: but i'm honestly tired of playing you kill joy